 Dungeon Crawl Stone Soup version 0.24.0-123-gd5b16e6ec5 (webtiles) character file.

Game seed: 14014802495202027721, levelgen mode: deterministic

38 Martska the Charmwright (level 3, 0/28 HPs)
             Began as a Human Skald on Feb 9, 2020.
             Slain by a worm (7 damage)
             ... on level 1 of the Dungeon.
             The game lasted 00:07:50 (1441 turns).

Martska the Charmwright (Human Skald)               Turns: 1441, Time: 00:07:51

Health: 0/28       AC:  3    Str: 12    XL:     3   Next: 65%
Magic:  6/6        EV: 12    Int: 13    God:
Gold:   77         SH:  0    Dex: 12    Spells: 5/6 levels left

rFire    . . .     SeeInvis .   a - +0 falchion
rCold    . . .     Gourm    .   (no shield)
rNeg     . . .     Faith    .   b - +0 leather armour
rPois    .         Spirit   .   (no helmet)
rElec    .         Reflect  .   (no cloak)
rCorr    .         Harm     .   (no gloves)
MR       .....                  (no boots)
Stlth    +.........             (no amulet)
HPRegen  0.09/turn              (no ring)
MPRegen  0.10/turn              (no ring)

@: no status effects
A: no striking features
a: no special abilities


You were on level 1 of the Dungeon.
You were not hungry.

You visited 1 branch of the dungeon, and saw 2 of its levels.

You collected 77 gold pieces.

Inventory:

Hand Weapons
 a - a +0 falchion (weapon)
Missiles
 i - 5 boomerangs (quivered)
 k - 48 stones
Armour
 b - a +0 leather armour (worn)
Wands
 m - a wand of clouds (1)
Scrolls
 c - a scroll of blinking {unknown}
 e - a scroll of teleportation {unknown}
 g - 4 scrolls of identify {unknown}
 h - 2 scrolls of remove curse {unknown}
 l - a scroll of fear {unknown}
Potions
 f - a potion of brilliance {unknown}
 j - a potion of heal wounds {unknown}
Comestibles
 d - 3 rations


   Skills:
 + Level 2.4 Fighting
 + Level 2.4 Long Blades
 + Level 1.1 Armour
 + Level 2.4 Dodging
 + Level 2.3 Spellcasting
 + Level 3.2 Charms
 + Level 0.0 Evocations


You had 5 spell levels left.
You knew the following spells:

 Your Spells              Type           Power        Failure   Level  Hunger
a - Infusion              Chrm           ##..         9%          1    #......

Your spell library contained the following spells:

 Spells                   Type           Power        Failure   Level  Hunger
 Song of Slaying          Chrm           ##......     12%         2    ###....
 Shroud of Golubria       Chrm/Tloc      #.....       24%         2    ###....
 Regeneration             Chrm/Necr      #.........   43%         3    ###....
 Spectral Weapon          Hex/Chrm       #.......     43%         3    ###....


Dungeon Overview and Level Annotations

Branches:
Dungeon (2/15)

Altars:


Message History

Done exploring.
There is a stone staircase leading down here.
You climb downwards.
The worm bites you.
There is a stone staircase leading up here.
You hit the worm.
The worm is lightly wounded.
The worm bites you. The worm bites you!
You climb upwards.
There is a stone staircase leading down here.
You hit the worm.
The worm is moderately wounded.
You barely miss the worm.
The worm is moderately wounded.
The worm bites you.
* * * LOW HITPOINT WARNING * * *
You hit the worm.
The worm is moderately wounded.
The worm bites you!
You die...

......# #....# ####..# #....# ##
#..#####################....#
.###..#...................'....#
.##......##################....#
.##...#..######.....# #....#
###...#...)...#.....### #.#####
###).†#..####.#.......# #.# #..
......##.####.#.@....######.# #..
.........#.##.#†w...........###..
.....#####.##.#.÷#.#.####.....#..
.....#........................#..
.....#####.#.##..#.#####......#..
.....# #.#.........# #......#..
.....#####.#.###...#.# #.######..
...........#.# #####.###.# #..
.....#######.# #......# #..


You could see a worm.

Vanquished Creatures
  An ooze (D:1)
  3 dart slugs (D:1)
  A leopard gecko (D:1)
  3 bats
  A giant cockroach (D:1)
  2 goblins (D:1)
  2 hobgoblins (D:1)
  4 jackals
  A ball python (D:1)
  A frilled lizard (D:1)
  5 kobolds
  3 rats
27 creatures vanquished.

Notes
Turn   | Place    | Note
-------+----------+-------------------------------------------
     0 | D:1      | Martska the Human Skald began the quest for the Orb.
     0 | D:1      | Reached XP level 1. HP: 16/16 MP: 3/3
    24 | D:1      | Reached XP level 2. HP: 19/22 MP: 5/5
   479 | D:1      | Reached XP level 3. HP: 26/27 MP: 6/6
  1441 | D:1      | Slain by a worm

Levels and vault maps discovered:
D:1:      minmay_arrival_split_and_join, layout_basic, minmay_misc_feat_five
D:2:      layout_loops_ring, lemuel_crystal_altar, kennysheep_potato

Action                   || total
-------------------------++-------
Melee: Falchion          ||    75
 Cast: Infusion          ||     5
 Stab: Sleeping          ||     1
  Eat: Ration            ||     1
Armor: Leather armour    ||    25
Dodge: Dodged            ||    67
       Rpst.: Falchion   ||    21
